[Event "CCT Julius Baer-D1 2024"]
[Site "Online"]
[Date "2024.09.28"]
[Round "2"]
[White "Carlsen, Magnus"]
[Black "Aronian, Levon"]
[Result "1/2-1/2"]
[Annotator "TA"]
[ECO "A13"]
[WhiteElo "2832"]
[BlackElo "2729"]
[PlyCount "132"]
[EventDate "2024.09.25"]
[EventType "swiss"]
[EventCountry "NET"]
[SourceTitle "playchess.com"]
[Source "ChessBase"]
[SourceQuality "1"]
[TimeControl "600+2"]

1. c4 Nf6 2. Nf3 e6 3. g3 d5 4. Bg2 dxc4 5. Qa4+ Nbd7 6. Qxc4 a6 $1 {[%emt 0:00:01] The main line 6...a6 scores better than 6...c5.} 7. Qc2 c5 8. Nc3 Qc7 {[%emt 0:00:43] A13: English Opening: 1...e6.} 9. d4 b5 10. Bf4 Qb6 11. a4 Bb7 12. dxc5 $146 ({Predecessor:} 12. axb5 axb5 13. Rxa8+ Bxa8 14. O-O Bc6 15. Rd1 Be7 16. e4 Qb7 17. d5 exd5 18. exd5 Nxd5 {1-0 Abdisalimov,A (2503)-Zverev,L (2378) Moscow Aeroflot op-A 2024 (6)}) 12... Bxc5 13. O-O b4 14. a5 Qc6 15. Ne1 Qc8 16. Na4 Bxg2 17. Kxg2 Qb7+ 18. Nf3 Rc8 19. Nxc5 Nxc5 20. Bd6 Nfe4 21. Rfd1 Rc6 22. Bxc5 Nxc5 23. Rd4 O-O 24. Rc4 b3 25. Qd2 h6 26. Qe3 Nd7 27. Rxc6 Qxc6 28. Qxb3 ({White should try} 28. Rc1 $1 $16 Qb5 29. Qd3) 28... Rb8 $14 29. Qa3 Ne5 (29... g5 $1 $11) 30. Rd1 $14 Nxf3 (30... Rb5 $142) 31. exf3 $16 Qc2 32. Qd3 (32. Rd6 $1 $16) 32... Rxb2 $14 33. Qxc2 Rxc2 34. Rd6 g5 $1 35. Rxa6 Ra2 (35... Kg7 $14 {deserves consideration.}) 36. Ra8+ Kg7 37. a6 h5 38. g4 (38. Kf1 $16) 38... h4 $11 39. f4 gxf4 40. Kf3 (40. a7 $5 Ra3 $8 41. f3 $11) 40... e5 $2 (40... f6 $1 $11) 41. a7 $2 (41. g5 $1 $18) 41... f6 {[%emt 0:00:08] [#]} (41... Kf6 $1 $14) 42. Ke4 $1 $18 Ra4+ 43. Kf5 f3 44. h3 $4 {[%emt 0:00:15][%mdl 8192] [#]} (44. g5 $18 fxg5 45. Kxg5) 44... Ra3 $4 (44... Kf7 $1 {mates} 45. Rf8+ Kxf8 46. a8=Q+ Rxa8 47. g5 Ra2 (47... fxg5 {leads to mate.} 48. Kxg5 Re8 49. Kxh4 e4 50. Kg3 Kf7 51. h4 Kf6 52. h5 Kg5 53. h6 Rg8 54. Kh3 Kxh6 55. Kh4 e3 56. Kh3 exf2 57. Kh2 f1=R 58. Kh3 Rh1#) 48. Ke4 Rxf2 (48... fxg5 {is a self mate.} 49. Ke3 g4 50. hxg4 h3 51. Kxf3 Ra3+ 52. Ke4 h2 53. Kxe5 h1=Q 54. Kd6 Rd3+ 55. Kc5 Qd5+ 56. Kb6 Rb3+ 57. Kc7 Rb7+ 58. Kc8 Qd7#) 49. Ke3 fxg5 50. Kxf2 e4 51. Ke3 g4 52. hxg4 h3 53. g5 h2 54. g6 h1=Q (54... h1=R 55. Kf2 Rh2+ 56. Ke3 Kg7 57. Kf4 f2 58. Kg3 f1=Q 59. Kxh2 Qf3 60. Kg1 e3 61. Kh2 e2 62. Kg1 e1=Q+ 63. Kh2 Qfh1#) 55. Kd2 f2 56. Ke3 Qf3+ (56... f1=B 57. Kd4 Qf3 58. Kc5 Qc3+ 59. Kd5 Kg7 60. Kd6 Kxg6 61. Ke6 Bb5 62. Kd5 Kf5 63. Kd6 Qe5#) (56... f1=Q 57. g7+ Kxg7 58. Kd4 Qd3+ 59. Kc5 Qh5+ 60. Kc6 Qhb5+ 61. Kc7 Qdd7#) 57. Kd4 f1=Q (57... f1=B 58. Ke5 Qc3+ 59. Kf5 Kg7 60. Ke6 Qc5 61. Kd7 Bh3+ 62. Kd8 Qd6+ 63. Ke8 Qf8#) 58. g7+ Kxg7 59. Kc5 Qc3+ 60. Kd6 Qff6+ 61. Kd7 Qcc6#) 45. g5 (45. Ke4 $142 Ra2 46. Kxf3) 45... fxg5 $18 46. Kxg5 e4 47. Re8 $2 (47. Kxh4 e3 48. Kg3 e2) ({White should play} 47. Kf4 $18 e3 48. Kxf3 exf2+ 49. Kxf2) 47... Rxa7 $11 48. Kxh4 Ra4 49. Kg3 Kf7 50. Rb8 Kf6 51. h4 Ra1 52. Rb6+ Kf5 53. Rb5+ Kf6 54. Kf4 Ra2 55. Rb6+ Kf7 56. Kg3 Ra1 57. h5 Rg1+ 58. Kf4 Rf1 59. Rb2 Re1 60. Rb4 Re2 61. Rxe4 Rxf2 62. Ke3 Re2+ 63. Kxf3 Rxe4 64. Kxe4 Kg7 65. Kd5 Kh6 66. Kc6 Kxh5 1/2-1/2

[Event "CCT Julius Baer-D1 2024"]
[Site "Online"]
[Date "2024.09.28"]
[Round "2"]
[White "Firouzja, Alireza"]
[Black "Grischuk, Alexander"]
[Result "1-0"]
[Annotator "TA"]
[ECO "D35"]
[WhiteElo "2767"]
[BlackElo "2689"]
[PlyCount "89"]
[EventDate "2024.09.25"]
[EventType "swiss"]
[EventCountry "NET"]
[SourceTitle "playchess.com"]
[Source "ChessBase"]
[SourceQuality "1"]
[TimeControl "600+2"]

1. d4 d5 2. c4 e6 3. Nc3 Be7 4. cxd5 exd5 5. Bf4 Nf6 6. e3 Bf5 7. Nge2 O-O 8. Ng3 Be6 9. Bd3 {[%emt 0:00:23] D35: Queen's Gambit Declined: Exchange Variation.} c5 10. dxc5 Bxc5 11. a3 $1 $146 {[%emt 0:00:34][%mdl 8] A top novelty.} ({Predecessor:} 11. O-O Nc6 12. Rc1 d4 13. Nb5 Bb6 14. e4 Ng4 15. Nf5 Nge5 16. Nbd6 Qf6 17. Bg3 Bxf5 18. Nxf5 {½-½ Dubov,D (2716)-Fridman,D (2586) World-chT Rapid 2023 (9)}) 11... Nc6 12. b4 Bd6 13. Bxd6 Qxd6 14. O-O Rad8 15. Nb5 Qe5 16. Rc1 a6 17. Nd4 Nxd4 18. exd4 Qf4 19. Ne2 Qg5 20. Rc7 Rd7 21. Qc1 h6 22. Qxg5 hxg5 23. Rfc1 Rxc7 24. Rxc7 Rb8 25. f4 g4 26. Kf2 g6 27. a4 Kf8 28. a5 Ne8 29. Rc5 Ke7 30. Nc3 Nf6 31. Na4 Bf5 $2 (31... Bd7 $11 32. Nb6 Kd6) 32. Bxf5 $18 gxf5 33. Rc7+ Kd6 34. Rxf7 Ne4+ 35. Kg1 Ke6 36. Rh7 Kd6 {[%emt 0:00:06] [#]} 37. Rh6+ $1 Kc7 38. Nb6 Nc3 39. Re6 Rd8 {[%emt 0:00:06] [#]} 40. Re5 (40. Kf2 $1 $18) 40... Kc6 $16 41. Kf2 Ne4+ $2 ({Black should play} 41... Kb5 $14) 42. Ke3 $18 Rh8 $2 (42... Nd6 43. Kd3 (43. Rxd5 Nc4+ 44. Nxc4 Kxd5 $17) 43... Rh8 44. Rxd5 Kc7) 43. Rxf5 $18 (43. Rxd5 Rh5 44. Kd3 Kc7 45. Rd7+ Kb8) ({Don't do} 43. Nxd5 Nd6 44. Nb6 (44. Ne7+ Kd7 $18) 44... Kc7 45. Re7+ Kb8) 43... Rxh2 44. Rxd5 ({Not} 44. Nxd5 Nd6 45. Rg5 Rxg2 $16) 44... Nd6 45. Rc5# 1-0

[Event "CCT Julius Baer-D1 2024"]
[Site "Online"]
[Date "2024.09.28"]
[Round "2"]
[White "Aronian, Levon"]
[Black "Carlsen, Magnus"]
[Result "1/2-1/2"]
[Annotator "TA"]
[ECO "C54"]
[WhiteElo "2729"]
[BlackElo "2832"]
[PlyCount "187"]
[EventDate "2024.09.25"]
[EventType "swiss"]
[EventCountry "NET"]
[SourceTitle "playchess.com"]
[Source "ChessBase"]
[SourceQuality "1"]
[TimeControl "600+2"]

1. e4 e5 2. Nf3 Nc6 3. Bc4 Bc5 4. c3 Nf6 5. d3 h6 6. h3 d6 $1 {[%emt 0:00:06] The main line 6...d6 scores better than 6...0-0.} 7. Nbd2 {[%emt 0:00:03] C54: Giuoco Piano: 4 c3 Nf6, main lines with 5 d4 and 5 d3.} a6 8. a4 Ba7 9. Bb3 Ne7 10. Nf1 Ng6 11. Ng3 O-O 12. O-O d5 13. exd5 Nxd5 14. Re1 c6 15. d4 exd4 16. Nxd4 Re8 $146 ({Predecessor:} 16... Qf6 17. Bxd5 cxd5 18. Be3 Ne5 19. b3 Bd7 20. Qh5 Rfe8 21. Nc2 Nd3 22. Bxa7 Rxa7 23. Rxe8+ Bxe8 {1-0 Nestorovic,N (2470)-Vokhidov,S (2512) Titled Tuesday intern op 7th April blitz 2020 (2)}) 17. Rxe8+ Qxe8 18. Bxd5 cxd5 19. Be3 Bd7 20. Qb3 Bc6 21. Ngf5 Qd7 22. Qc2 Re8 23. Nf3 Bxe3 24. Nxe3 Nf4 25. Nd4 Re4 26. Qd1 Qe7 27. Qf3 Bd7 28. Kh1 Qe5 29. b3 Nd3 30. Ng4 Re1+ 31. Rxe1 Qxe1+ 32. Kh2 Qxc3 33. Qe3 Bxg4 34. hxg4 Qc7+ 35. g3 Ne5 36. Kh3 Nc6 37. Qe8+ Kh7 38. Nf5 d4 39. Nxd4 Nxd4 40. Qe4+ g6 41. Qxd4 Qc6 42. Kh2 Qf3 43. b4 Qc6 44. a5 Qf3 45. Kg1 Kg8 46. Kf1 Qc6 47. Ke2 Qc2+ 48. Ke3 Qb3+ 49. Kd2 Kh7 50. Qe4 Qb2+ 51. Ke1 Qc1+ 52. Ke2 Qc7 53. Kd3 b6 54. Qc4 Qd7+ 55. Kc3 (55. Qd4 $5 Qb5+ $8 56. Qc4 Qd7+ 57. Qd4 Qb5+ 58. Qc4 Qd7+ $11) 55... bxa5 56. bxa5 Qb7 57. Kc2 Kg8 58. Qc5 (58. Kc3 $11) 58... Qe4+ $15 59. Kc3 Qe1+ 60. Kc4 Qe4+ (60... Qe2+ $1 $15 61. Kd5 Qxg4) 61. Kb3 (61. Kc3 $1 $11) 61... Qd3+ (61... Qxg4 $17 62. Kc3 Qf3+ 63. Kd2 Kg7) 62. Qc3 (62. Kb4 $1 $11) 62... Qb5+ ({Black should try} 62... Qd1+ $17 63. Ka3 Qxg4) 63. Ka3 $11 Kh7 64. f4 Kg8 65. Qd2 Qc5+ 66. Kb3 Qb5+ 67. Kc2 Qc6+ 68. Qc3 Qb5 69. Qe5 Qc4+ 70. Kd2 Qb4+ 71. Ke2 Qc4+ 72. Kf3 Qf1+ 73. Ke4 Qc4+ ({But not} 73... Qg2+ 74. Kd4 $17) 74. Ke3 Qb3+ 75. Kd4 Qb4+ 76. Kd3 Qb3+ 77. Qc3 (77. Kd4 $1 $11) 77... Qd5+ ({Better is} 77... Qd1+ $17 78. Kc4 Qxg4) 78. Ke3 $11 Qe6+ 79. Kf3 Qd5+ 80. Kf2 Qa2+ 81. Ke3 Qe6+ 82. Qe5 (82. Kf3 $11 {remains equal.}) 82... Qxg4 $17 83. Kf2 Qe6 84. Qb8+ Kg7 85. Qb2+ Qf6 86. Qb6 g5 87. Kf3 h5 88. Ke4 $2 {[%emt 0:00:01][%mdl 8192] [#]} (88. Qc5 $17) 88... gxf4 $1 $19 89. gxf4 Qe6+ $2 (89... h4 $19 {Threatens to win with ...h3.} 90. Kf3 Qc3+ 91. Ke2 h3 92. Qg1+ Kf8) 90. Kf3 $17 {[%emt 0:00:02] [#]} Qg4+ ({Black should play} 90... Qd5+ $1 $19 91. Ke3 Qc4) 91. Ke3 $17 Qe6+ 92. Kf3 $1 Qg4+ $2 (92... Qd5+ $17 93. Ke3 h4 94. Qb2+ Kg6 95. Qb6+ Qe6+ 96. Kf2 Kf5) 93. Ke3 $19 Qe6+ $2 (93... h4 $19 {has better winning chances.} 94. Qd4+ Kh7) 94. Kf3 $1 1/2-1/2

[Event "CCT Julius Baer-D1 2024"]
[Site "Online"]
[Date "2024.09.28"]
[Round "2"]
[White "Grischuk, Alexander"]
[Black "Firouzja, Alireza"]
[Result "1/2-1/2"]
[Annotator "TA"]
[ECO "B47"]
[WhiteElo "2689"]
[BlackElo "2767"]
[PlyCount "90"]
[EventDate "2024.09.25"]
[EventType "swiss"]
[EventCountry "NET"]
[SourceTitle "playchess.com"]
[Source "ChessBase"]
[SourceQuality "1"]
[TimeControl "600+2"]

1. e4 c5 2. Nf3 e6 3. d4 cxd4 4. Nxd4 Nf6 5. Nc3 Nc6 6. Be2 Qc7 7. Ndb5 {[%emt 0:00:09] B47: Sicilian: Taimanov: 5 Nc3 Qc7 6 f4, 6 g3 and 6 Be2.} Qb8 8. f4 a6 9. e5 axb5 10. exf6 b4 $1 11. fxg7 $1 Bxg7 12. Nb5 d5 13. O-O O-O 14. Bd3 f5 15. c3 Bd7 16. Be3 bxc3 17. bxc3 Ne7 $146 ({Predecessor:} 17... Rf7 18. Qe2 Qf8 19. Rab1 Bf6 20. Nd4 Nxd4 21. Bxd4 Bxd4+ 22. cxd4 Qg7 23. Rb4 Qf6 {½-½ Dominguez Perez,L (2752)-Aronian,L (2725) Titled Tuesday intern op 09th Jan Early blitz 2024 (8)}) 18. Bd4 Ng6 19. Bxg7 Kxg7 20. Qd2 Rc8 21. a4 Bxb5 22. Bxb5 Qa7+ 23. Kh1 Qc5 24. Rac1 Rd8 25. Qe2 Rd6 26. g3 Rf8 27. h4 h6 28. h5 Ne7 29. Qe5+ Kf7 30. c4 Rg8 31. Kg2 Rc8 (31... b6 {is interesting.} 32. cxd5 Qxd5+ 33. Qxd5 Nxd5 34. Kh3 Kf6) 32. cxd5 (32. Rfd1 {keeps more tension.} d4 33. Rd3 b6 34. Ra1) 32... Qxd5+ 33. Qxd5 Rxd5 34. Rxc8 Nxc8 35. Rc1 Nd6 36. Rc7+ Kf6 37. Rh7 Nxb5 38. axb5 Rxb5 39. Rxh6+ Kf7 40. Rh7+ Kf6 41. Rc7 Rb2+ 42. Kh3 Rb1 43. Kg2 Rb2+ 44. Kh3 Rb1 45. Kg2 Rb2+ 1/2-1/2